 Dungeon Crawl Stone Soup version 0.21.1-1-g345015fe64 (webtiles) character file.

3112 ErikD the Basher (level 9, -7/79 HPs)
             Began as a Minotaur Berserker on Mar 6, 2018.
             Was an Elder of Trog.
             Mangled by a two-headed ogre
             ... wielding a +0 giant spiked club
              (34 damage)
             ... on level 8 of the Dungeon.
             The game lasted 00:21:44 (7196 turns).

ErikD the Basher (Minotaur Berserker)               Turns: 7196, Time: 00:21:45

Health: -7/79      AC:  9    Str: 22    XL:     9   Next: 60%
Magic:  8/8        EV: 14    Int:  5    God:    Trog [****..]
Gold:   475        SH:  0    Dex: 15    Spells: 8/8 levels left

rFire    . . .     SeeInvis .   A - +0 flail (holy)
rCold    . . .     Gourm    .   (no shield)
rNeg     . . .     Faith    .   H - +2 ring mail {rPois}
rPois    +         Spirit   .   (helmet restricted)
rElec    .         Reflect  .   i - +0 cloak
rCorr    .         Harm     .   (no gloves)
MR       .....                  (no boots)
Stlth    ++........             (no amulet)
HPRegen  0.23/turn              d - +3 ring of dexterity
MPRegen  0.11/turn              s - ring of flight

@: no status effects
A: retaliatory headbutt, horns 2
a: Berserk, Trog's Hand, Brothers in Arms, Burn Spellbooks, Renounce Religion,
Evoke Flight


You were on level 8 of the Dungeon.
You worshipped Trog.
Trog was greatly pleased with you.
You were not hungry.

You visited 1 branch of the dungeon, and saw 8 of its levels.

You collected 501 gold pieces.
You spent 26 gold pieces at shops.

Inventory:

Hand Weapons
 a - a +0 mace
 j - a +1 dagger of venom
 A - a +0 flail of holy wrath (weapon)
Missiles
 k - 18 tomahawks (quivered)
 p - 191 stones
 E - 6 javelins
 J - 2 steel tomahawks
Armour
 b - a +0 animal skin
 f - a +0 leather armour
 i - a +0 cloak (worn)
 H - a +2 ring mail of poison resistance (worn)
 L - a +0 pair of gloves
Jewellery
 d - a +3 ring of dexterity (left hand)
 s - a ring of flight (right hand)
 v - an uncursed ring of wizardry {unknown}
 z - an uncursed ring of fire {unknown}
 I - a +4 ring of evasion {unknown}
 N - an uncursed ring of protection from magic {unknown}
Scrolls
 e - 3 scrolls of teleportation {unknown}
 g - 5 scrolls of remove curse
 h - 14 scrolls of identify
 q - a scroll of blinking {unknown}
 t - 2 scrolls of enchant armour {unknown}
 u - 2 scrolls of enchant weapon {unknown}
 x - a scroll of fear {unknown}
 y - 2 scrolls of immolation {unknown}
 C - 3 scrolls of amnesia {unknown}
 D - a scroll of silence {unknown}
 G - a scroll of brand weapon {unknown}
 M - a scroll of vulnerability {unknown}
 O - a scroll of magic mapping {unknown}
Potions
 l - 2 potions of brilliance
 m - 2 potions of degeneration {unknown}
 n - 2 potions of lignification {unknown}
 o - 2 potions of cancellation {unknown}
 r - 3 potions of curing {unknown}
 w - 2 potions of flight {unknown}
 B - 2 potions of mutation {unknown}
 F - a potion of agility {unknown}
 P - a potion of resistance {unknown}
Comestibles
 c - 15 rations
 K - 7 chunks of flesh


   Skills:
 + Level 7.6 Fighting
 + Level 11.6 Maces & Flails
 + Level 1.0 Throwing
 + Level 5.1 Armour
 + Level 5.7 Dodging
 + Level 4.0 Stealth


You had 8 spell levels left.
You didn't know any spells.

Dungeon Overview and Level Annotations

Branches:
Dungeon (8/15)             Temple (0/1) D:7
   Lair: D:8-11

Altars:
Ashenzari
Elyvilon
Fedhas
Hepliaklqana
Makhleb
Ru
Uskayaw
Vehumet
Yredelemnul
The Shining One

Shops:
D:6 ?


Innate Abilities, Weirdness & Mutations

You reflexively headbutt those who attack you in melee.
You have a pair of horns on your head.


Message History

Found a stone staircase leading down.
The orc priest barely misses you. You furiously retaliate!
You headbutt the orc priest! You sock the orc priest!
You kill the orc priest!
Trog accepts your kill.
Your Stealth skill increases to level 4!
You hit the orc.
You kill the orc!
Trog accepts your kill. The two-headed ogre closely misses you.
You furiously retaliate!
You headbutt the two-headed ogre!
The two-headed ogre hits you with a giant spiked club!
Items here: ! )) [ † a morningstar; a ring mail; a metallic puce potion; a mace; an orc corpse You sock the two-headed ogre!
Your headbutt misses the two-headed ogre.
The two-headed ogre is heavily wounded.
The two-headed ogre hits you with a giant spiked club!!
You die...

#... #... #.. #.. #.#.
#.#.## # #.#... .#
#.#..##.. ### #@#.....
... #####O##.##.####
### #....Yo.Y.#....#
#.........#....#
#.........#....####
#.......).........#
#.................####
#.....................
#.........##...#######


You could see a two-headed ogre, a sky beast and an orc priest.

Vanquished Creatures
  The ghost of coier the Covert, a novice GnWn (D:6)
  Pikel (D:6)
  Sigmund (D:4)
  Edmund (D:4)
  An ice beast (D:7)
  A black bear (D:6)
  An orc warrior (D:7)
  A sky beast (D:6)
  3 ogres
  2 bullfrogs
  A scorpion (D:7)
  A water moccasin skeleton (D:7)
  A howler monkey (D:4)
  2 crimson imps (D:5)
  A bullfrog zombie (D:5)
  3 bullfrog skeletons (D:7)
  A centaur skeleton (D:5)
  A gnoll shaman (D:7)
  5 orc priests
  2 hounds
  3 orc wizards
  An iguana (D:4)
  4 worker ants
  7 gnolls
  A howler monkey skeleton (D:5)
  7 adders
  5 oozes
  An adder zombie (D:7)
  An adder skeleton (D:8)
  A worm (D:4)
  2 dart slugs
  4 leopard geckos
  21 orcs
  6 bats
  10 giant cockroaches
  5 goblins
  7 hobgoblins
  5 jackals (D:1)
  2 ball pythons
  9 frilled lizards
  A jackal zombie (D:8)
  9 kobolds
  9 rats
152 creatures vanquished.

Vanquished Creatures (others)
  An orc priest (D:6)
  4 orcs (D:6)
5 creatures vanquished.

Grand Total: 157 creatures vanquished

Notes
Turn   | Place    | Note
-------+----------+-------------------------------------------
     0 | D:1      | ErikD the Minotaur Berserker began the quest for the Orb.
     0 | D:1      | Reached XP level 1. HP: 19/19 MP: 0/0
     1 | D:1      | Found a runed door.
   198 | D:1      | Reached XP level 2. HP: 26/27 MP: 1/1
   234 | D:1      | Reached skill level 4 in Maces & Flails
   750 | D:1      | Reached XP level 3. HP: 27/33 MP: 2/2
   758 | D:1      | Reached ** piety under Trog
   977 | D:2      | Reached XP level 4. HP: 41/41 MP: 3/3
  1047 | D:2      | Reached skill level 5 in Maces & Flails
  1222 | D:2      | Found a shattered altar of Ashenzari.
  1823 | D:3      | Reached XP level 5. HP: 41/47 MP: 4/4
  1844 | D:3      | Reached *** piety under Trog
  2467 | D:3      | Found a white marble altar of Elyvilon.
  2470 | D:3      | Found a glowing golden altar of the Shining One.
  2485 | D:3      | Reached skill level 6 in Maces & Flails
  2682 | D:4      | Reached XP level 6. HP: 51/55 MP: 5/5
  2726 | D:4      | Reached skill level 5 in Fighting
  2737 | D:4      | Reached skill level 1 in Stealth
  3252 | D:4      | Noticed Sigmund
  3263 | D:4      | Noticed Edmund
  3279 | D:4      | Killed Edmund
  3279 | D:4      | Reached skill level 7 in Maces & Flails
  3286 | D:4      | Killed Sigmund
  3286 | D:4      | Reached XP level 7. HP: 61/61 MP: 6/6
  3374 | D:5      | Entered Level 5 of the Dungeon
  3664 | D:5      | Reached skill level 8 in Maces & Flails
  4334 | D:5      | Reached XP level 8. HP: 69/70 MP: 7/7
  4528 | D:6      | Found a burning altar of Makhleb.
  4578 | D:6      | Noticed coier's ghost (novice GnWn)
  4648 | D:6      | HP: 3/105 [coier's ghost (5)]
  4649 | D:6      | Killed coier's ghost
  4649 | D:6      | Reached skill level 9 in Maces & Flails
  4649 | D:6      | Reached skill level 5 in Dodging
  5069 | D:6      | Reached skill level 10 in Maces & Flails
  5354 | D:6      | Found a radiant altar of Vehumet.
  5354 | D:6      | Found a shattered altar of Ashenzari.
  5366 | D:6      | Found a basalt altar of Yredelemnul.
  5368 | D:6      | Found a sacrificial altar of Ru.
  5369 | D:6      | Found a blossoming altar of Fedhas.
  5393 | D:6      | Found Hidduf's Magic Scroll Emporium.
  5397 | D:6      | Bought a scroll of identify for 26 gold pieces
  5547 | D:6      | Noticed Pikel
  5562 | D:6      | Killed Pikel
  5562 | D:6      | Reached XP level 9. HP: 48/79 MP: 8/8
  6167 | D:7      | Reached skill level 11 in Maces & Flails
  6202 | D:7      | Reached **** piety under Trog
  6241 | D:7      | Found a staircase to the Ecumenical Temple.
  6348 | D:7      | Reached skill level 1 in Throwing
  6403 | D:7      | Found a hazy altar of Hepliaklqana.
  6572 | D:7      | Found a blossoming altar of Fedhas.
  6840 | D:8      | Noticed a two-headed ogre
  6977 | D:8      | Reached skill level 5 in Armour
  7138 | D:8      | Found a hide-covered altar of Uskayaw.
  7196 | D:8      | Mangled by a two-headed ogre

Skill      XL: |  1  2  3  4  5  6  7  8  9 |
---------------+----------------------------+-----
Maces & Flails | 4 5 6 7 8 10 11 | 11.6
Fighting       | 4 5 6 7 |  7.6
Dodging        | 3 4 5 |  5.7
Armour         | 3 4 5 |  5.1
Stealth        | 1 2 3 4 |  4.0
Throwing       | 1 |  1.0

Action                   |  1- 3 |  4- 6 |  7- 9 || total
-------------------------+-------+-------+-------++-------
Melee: Mace              |    64 |   140 |       ||   204
       Headbutt          |     7 |    29 |    32 ||    68
       Flail             |       |       |   154 ||   154
Throw: Tomahawk          |       |     2 |     3 ||     5
Invok: Berserk           |       |     1 |     1 ||     2
       Burn Spellbooks   |       |       |     1 ||     1
  Use: Scroll            |     2 |       |     1 ||     3
       Potion            |       |       |     1 ||     1
 Stab: Sleeping          |       |     2 |     5 ||     7
  Eat: Chunk             |       |     7 |     8 ||    15
       Ration            |       |       |     2 ||     2
Armor: Animal skin       |     5 |       |       ||     5
       Leather armour    |    17 |    23 |     7 ||    47
       Ring mail         |       |       |    13 ||    13
Dodge: Dodged            |    51 |    88 |    79 ||   218
